Map: [ESL] Inside and Out

Players

Neeb - Winner!

  • Race: Protoss Protoss
  • Spawn Location: 1:00

DRG

  • Race: Zerg Zerg
  • Spawn Location: 7:00

Event: DreamHack SC2 Masters 2022 Valencia

VOD

Have the link to the VOD?

Description

Time

  • Played on: July 2, 2022, 12:03 p.m.
  • Length: 9:37

All games in this series

Show
View Real Time Build Order
Export as new Build Order

Neeb Protoss - Winner!

Build Orders: 1 Gate Expand 

Get SALT Encoding   

  12  0:00  Probe  
  13  0:12  Probe  
  14  0:17  Pylon  
  14  0:24  Probe  
  15  0:36  Probe (Chrono Boost)  
  15  0:38  Gateway  
  16  0:46  Probe (Chrono Boost)  
  16  0:48  Assimilator  
  17  0:51  Probe (Chrono Boost)  
  18  1:03  Probe  
  19  1:15  Probe  
  20  1:23  Nexus  
  20  1:35  Cybernetics Core  
  20  1:37  Probe  
  21  1:44  Assimilator  
  21  1:49  Probe  
  21  1:51  Pylon  
  23  2:01  Probe (Chrono Boost)  
  23  2:09  Warp Gate (Chrono Boost)  
  23  2:10  Probe (Chrono Boost)  
  23  2:12  Stalker  
  26  2:15  Probe (Chrono Boost)  
  27  2:27  Probe (Chrono Boost)  
  28  2:34  Probe (Chrono Boost)  
  28  2:37  Probe (Chrono Boost)  
  30  2:41  Adept  
  30  2:42  Probe  
  33  2:47  Probe  
  34  2:52  Gateway  
  34  2:53  Gateway  
  34  2:54  Probe  
  35  2:59  Probe  
  36  3:05  Stargate  
  36  3:06  Probe  
  36  3:11  Probe  
  38  3:16  Adept  
  38  3:18  Probe (Chrono Boost)  
  40  3:20  Pylon  
  40  3:24  Probe (Chrono Boost)  
  43  3:35  Pylon  
  43  3:36  Probe x2 (Chrono Boost)  
  43  3:41  Probe (Chrono Boost)  
  43  3:43  Probe (Chrono Boost)  
  45  3:50  Adept x2, Probe  
  45  3:53  Adept  
  45  3:55  Probe  
  53  3:59  Pylon  
  53  4:00  Oracle (Chrono Boost)  
  53  4:02  Probe  
  56  4:11  Adept x2  
  56  4:13  Adept  
  62  4:22  Nexus  
  62  4:27  Oracle (Chrono Boost)  
  62  4:28  Probe  
  62  4:29  Probe  
  67  4:36  Assimilator  
  67  4:38  Pylon, Assimilator  
  67  4:41  Probe  
  67  4:44  Probe  
  69  4:53  Probe  
  69  4:56  Probe  
  69  4:58  Oracle  
  72  5:05  Probe  
  72  5:06  Gateway  
  73  5:09  Probe  
  73  5:10  Twilight Council  
  73  5:11  Forge  
  74  5:17  Probe  
  74  5:21  Probe  
  70  5:29  Probe  
  70  5:33  Probe x2  
  70  5:34  Oracle (Chrono Boost)  
  68  5:36  Robotics Facility  
  68  5:38  Protoss Ground Weapons Level 1 (Chrono Boost)  
  68  5:39  Blink (Chrono Boost)  
  68  5:41  Probe  
  68  5:42  Stalker x2  
  73  5:43  Stalker, Shield Battery  
  73  5:45  Probe x2  
  77  5:53  Probe  
  78  5:57  Probe x2  
  78  6:00  Pylon  
  80  6:05  Probe  
  80  6:07  Pylon  
  80  6:09  Probe  
  83  6:11  Pylon  
  83  6:14  Stalker x2  
  83  6:15  Stalker  
  83  6:17  Probe  
  89  6:19  Assimilator  
  89  6:23  Assimilator  
  89  6:26  Pylon  
  89  6:29  Observer  
  89  6:31  Probe  
  91  6:35  Gateway  
  91  6:36  Gateway  
  91  6:39  Gateway  
  91  6:40  Gateway  
  91  6:43  Probe x2  
  91  6:44  Probe  
  91  6:45  Pylon  
  94  6:48  Pylon  
  94  6:50  Stalker  
  94  6:53  Stalker x2  
  100  6:56  Stalker  
  102  7:11  Pylon  
  102  7:13  Nexus, Stalker  
  103  7:29  Stalker x2  
  103  7:30  Stalker x2, Charge (Chrono Boost)  
  103  7:31  Stalker  
  109  7:38  Stalker x3  
  109  7:39  Probe x2  
  115  7:44  Probe  
  111  7:52  Probe x2  
  111  7:56  Probe  
  112  8:03  Stalker x6  
  124  8:13  Stalker x2  
  128  8:23  Gateway  
  128  8:26  Gateway  
  128  8:27  Gateway  
  128  8:34  Gateway  
  128  8:35  Photon Cannon  
  128  8:37  Shield Battery, Zealot x5  
  138  8:46  Zealot x3  
  144  8:52  Probe  
  137  9:04  Probe  
  137  9:07  Zealot x6  
  148  9:20  Zealot x4  
  154  9:26  Templar Archives  
  154  9:33  Zealot x5  
  154  9:34  Zealot x2  
Show
View Real Time Build Order
Export as new Build Order

DRG Zerg 

Build Orders: Hatch First 

Get SALT Encoding   

  12  0:00  Drone  
  13  0:12  Overlord  
  13  0:16  Drone  
  14  0:30  Drone x2  
  14  0:34  Drone  
  17  0:51  Hatchery  
  17  0:54  Drone  
  17  0:57  Drone  
  17  1:00  Extractor  
  17  1:13  Spawning Pool  
  17  1:16  Drone  
  17  1:19  Drone  
  18  1:28  Drone  
  19  1:38  Drone  
  20  1:49  Drone  
  21  2:01  Overlord  
  21  2:02  Queen  
  21  2:03  Metabolic Boost  
  21  2:05  Queen  
  25  2:08  Zergling x2  
  25  2:12  Zergling x2  
  27  2:17  Drone  
  27  2:21  Drone  
  29  2:24  Drone  
  30  2:32  Drone  
  30  2:36  Drone  
  32  2:41  Hatchery  
  31  2:47  Queen  
  31  2:50  Overlord  
  33  2:54  Drone  
  33  2:57  Drone  
  35  3:00  Overlord  
  35  3:07  Drone  
  36  3:16  Drone x4  
  40  3:20  Queen  
  40  3:22  Drone  
  40  3:24  Queen  
  45  3:28  Overlord  
  46  3:34  Zergling x4  
  46  3:39  Overlord  
  48  3:48  Drone x3  
  48  3:50  Drone x2  
  48  3:54  Overlord  
  48  3:55  Queen  
  52  3:59  Drone x2  
  55  4:03  Zergling x4  
  55  4:07  Zergling x4  
  55  4:09  Queen  
  60  4:13  Evolution Chamber  
  60  4:14  Zergling x4  
  61  4:17  Spore Crawler  
  61  4:19  Spore Crawler  
  61  4:23  Drone  
  61  4:24  Drone  
  61  4:25  Drone  
  61  4:28  Drone x2  
  64  4:33  Zergling x2  
  64  4:34  Zergling x2  
  64  4:35  Overlord  
  64  4:37  Queen  
  68  4:43  Zergling x6  
  71  4:50  Overlord  
  71  4:55  Zergling x8  
  71  4:58  Spore Crawler  
  74  5:01  Zergling x4  
  74  5:06  Zerg Melee Weapons Level 1  
  69  5:10  Zergling x6  
  70  5:17  Zergling x8  
  66  5:24  Zergling x4  
  64  5:30  Drone  
  64  5:33  Drone x4  
  67  5:36  Drone  
  67  5:38  Drone  
  67  5:41  Drone  
  68  5:44  Drone  
  68  5:47  Drone  
  70  5:53  Drone  
  70  5:56  Drone x3  
  73  5:58  Drone x3  
  76  6:06  Drone x5  
  81  6:18  Hatchery  
  79  6:22  Roach Warren  
  79  6:23  Lair  
  79  6:24  Zergling x6  
  80  6:28  Overlord  
  80  6:30  Drone x3  
  83  6:33  Extractor  
  83  6:34  Drone x2, Extractor  
  83  6:37  Extractor  
  83  6:38  Drone x4  
  86  6:43  Zergling x6  
  86  6:45  Overlord  
  89  6:48  Overlord  
  89  6:51  Drone x3  
  92  6:55  Overlord  
  92  6:57  Evolution Chamber  
  92  7:00  Drone  
  92  7:02  Drone  
  92  7:03  Drone x3  
  92  7:06  Zerg Ground Armor Level 1  
  92  7:07  Zergling x10  
  101  7:11  Zergling x2  
  102  7:22  Zergling x6  
  96  7:25  Zergling x4  
  96  7:27  Zergling x2  
  96  7:29  Glial Reconstitution  
  95  7:30  Zergling x8  
  95  7:31  Zergling x6  
  95  7:34  Zergling x2  
  95  7:35  Zergling x4  
  105  7:40  Zergling x4  
  101  7:45  Zergling x2  
  101  7:46  Zergling x2  
  101  7:49  Zergling x4  
  101  7:51  Zergling x4  
  101  7:52  Queen  
  101  8:00  Roach x6  
  101  8:01  Queen  
  101  8:05  Zergling x12  
  121  8:13  Roach x2  
  121  8:14  Overlord  
  121  8:16  Drone  
  121  8:19  Baneling Nest  
  123  8:20  Zergling x2  
  123  8:26  Spore Crawler  
  123  8:31  Roach x3  
  123  8:33  Overlord x2, Zergling x10  
  128  8:36  Zergling x4  
  128  8:39  Overlord  
  130  8:41  Overlord x2  
  130  8:45  Roach x2  
  128  8:51  Zergling x12  
  130  8:57  Roach  
  130  8:58  Roach x2  
  130  9:01  Zergling x8  
  123  9:06  Roach  
  123  9:07  Roach x2  
  123  9:09  Zergling x6  
  121  9:11  Zergling x2  
  121  9:15  Roach x2  
  121  9:16  Zergling x2  
  118  9:18  Hatchery  

Tags
 
Add a new tag
Caveats
  • Supply blocks, unpowered buildings, or Contaminate may cause inaccurate times.
  • Supply counts are checked every 10 seconds.